 Dungeon Crawl Stone Soup version 0.29.1-2-gbd0b4ee654 (webtiles) character file.

Game seed: 8565695590370859647

19016 zeram the Basher (level 12, -26/119 HPs)
             Began as a Troll Fighter on Nov 7, 2022.
             Was an Initiate of Gozag.
             Annihilated by a two-headed ogre
             ... wielding a +0 giant club
              (31 damage)
             ... on level 2 of the Orcish Mines.
             The game lasted 00:36:09 (11471 turns).

zeram the Basher (Troll Fighter)                   Turns: 11471, Time: 00:36:09

Health: -26/119    AC: 15    Str: 31    XL:     12   Next: 32%
Magic:  19/19      EV:  9    Int:  7    God:    Gozag
Gold:   2657       SH: 13    Dex:  4    Spells: 19/22 levels left

rFire   + . .      SeeInvis .   E - +8 hammer "Akhloadgh" {venom, +Blink rC+++ Int+3 Dex-5}
rCold   + + +      Faith    .   c - +2 kite shield
rNeg    . . .      Spirit   .   R - +0 robe of Privacy {rElec rF+ Will+ Stlth-}
rPois   .          Reflect  +   (helmet restricted)
rElec   +          Harm     .   j - +2 cloak
rCorr   .          Rampage  .   (gloves unavailable)
Will    +....                   (boots unavailable)
Stlth   ..........              k - amulet of reflection
HPRegen 1.09/turn               o - +4 ring of protection
MPRegen 0.16/turn               r - +4 ring of protection

@: gold aura, studying Necromancy
A: large, unfitting armour, claws 3, regeneration 1, shaggy fur 1, tough skin 1
a: Renounce Religion, Evoke Blink, Potion Petition, Call Merchant, Bribe Branch


You were on level 2 of the Orcish Mines.
You worshipped Gozag.
Gozag was most pleased with you.
You visited 3 branches of the dungeon, and saw 15 of its levels.

You collected 3583 gold pieces.
You spent 297 gold pieces at shops.
You paid 629 gold pieces to Gozag.

Inventory:

Hand Weapons
 A - a +0 flail of protection
 E - the +8 hammer "Akhloadgh" (weapon) {venom, +Blink rC+++ Int+3 Dex-5}
   (You found it on level 4 of the Dungeon)

   It poisons the flesh of those it strikes.
   Int:       It affects your intelligence (+3).
   Dex:       It affects your dexterity (-5).
   rC:        It renders you almost immune to cold.
   +Blink:    It lets you blink.
 J - the +9 dagger "Omelette" {vorpal, rElec rC++ Int+2 Dex+2}
   (You found it on level 6 of the Dungeon)

   It inflicts extra damage upon your enemies.
   Int:       It affects your intelligence (+2).
   Dex:       It affects your dexterity (+2).
   rC:        It greatly protects you from cold.
   rElec:     It insulates you from electricity.
 M - a +0 giant spiked club
Armour
 c - a +2 kite shield (worn)
 j - a +2 cloak (worn)
 R - the +0 robe of Privacy (worn) {rElec rF+ Will+ Stlth-}
   (You found it on level 8 of the Dungeon)

   rF:        It protects you from fire.
   rElec:     It insulates you from electricity.
   Will:      It increases your willpower.
   Stlth:     It makes you less stealthy.
Jewellery
 k - an amulet of reflection (around neck)
 o - a +4 ring of protection (left claw)
 r - a +4 ring of protection (right claw)
 u - a ring of protection from fire
Wands
 t - a wand of iceblast (7)
 G - a wand of charming (8)
 H - a wand of flame (17)
 O - a wand of digging (2)
 P - a wand of mindburst (5)
Scrolls
 U - a scroll of identify
Potions
 g - 3 potions of cancellation
 i - 4 potions of flight
 n - 7 potions of curing
 w - 2 potions of haste
 F - a potion of lignification
 L - a potion of ambrosia
 N - 3 potions of invisibility


   Skills:
 + Level 7.7 Fighting
 + Level 11.6 Maces & Flails
 + Level 8.4 Dodging
 - Level 2.6 Shields
 * Level 5.6 Spellcasting
 * Level 3.2 Summonings
 - Level 2.8 Necromancy


You had 19 spell levels left.
You knew the following spells:

 Your Spells              Type           Power      Damage    Failure   Level
a - Call Canine Familiar  Summ           6%         N/A       45%         3

Your spell library contained the following spells:

 Spells                   Type           Power      Damage    Failure   Level
 Summon Small Mammal      Summ           24%        N/A       17%         1
 Summon Guardian Golem    Hex/Summ       4%         N/A       69%         3
 Olgreb's Toxic Radiance  Pois           1%         N/A       100%        4
 Blade Hands              Tmut           0%         N/A       100%        5
 Irradiate                Conj/Tmut      0%         3d11      100%        5
 Dragon Form              Tmut           0%         N/A       100%        7
 Ozocubu's Refrigeration  Ice            0%         4d7       100%        7
 Ignition                 Fire           0%         3d3       100%        8


Dungeon Overview and Level Annotations

Branches:
Dungeon (12/15)            Temple (1/1) D:4            Lair (0/5) D:10
    Orc (2/2) D:10            Elf (0/3) Orc:2

Altars:
Ashenzari
Cheibriados
Dithmenos
Elyvilon
Fedhas
Gozag
Hepliaklqana
Kikubaaqudgha
Makhleb
Nemelex Xobeh
Okawaru
Qazlal
Ru
Sif Muna
Trog
Uskayaw
Vehumet
Wu Jian
Xom
Yredelemnul
Zin
The Shining One
Lugonu

Shops:
D:2 (   D:4 (   D:7 !   D:10 (   Orc:1 *   Orc:2 =(=:


Innate Abilities, Weirdness & Mutations

You are too large for most types of armour.
You have claws for hands.
Your natural rate of healing is unusually fast.
You are covered in fur. (AC +1)
You have tough skin. (AC +1)


Message History

You completely miss the two-headed ogre.
The two-headed ogre is heavily wounded.
You block the two-headed ogre's attack. x3
The two-headed ogre closely misses you. Something hits you!
The two-headed ogre shouts in stereo!
You sock the two-headed ogre!
You kill the two-headed ogre!
You hear a shout!
The two-headed ogre hits you with a +0 giant club! x2
* * * LOW HITPOINT WARNING * * *
You sock the two-headed ogre!
The two-headed ogre is severely wounded.
Something hits you!
* * * LOW HITPOINT WARNING * * *
Unknown command.
You sock the two-headed ogre!
You kill the two-headed ogre!
You sock the ogre!
The ogre is poisoned.
The ogre is moderately wounded.
Something hits you but does no damage.
You hit the ogre.
The ogre looks as sick as possible!
The ogre is severely wounded.
You block the ogre's attack. Something hits you!
* * * LOW HITPOINT WARNING * * *
Unknown command.
You feel much better. The ogre barely misses you.
You sock the ogre!
You kill the ogre!
Something hits you.
* * * LOW HITPOINT WARNING * * *
Unknown command.
You feel much better.
The two-headed ogre hits you with a +0 giant club!!
* * * LOW HITPOINT WARNING * * *
The two-headed ogre barely misses you. Something hits you!
* * * LOW HITPOINT WARNING * * *
The two-headed ogre attacks as you move away!
The two-headed ogre hits you with a +0 giant club!!
You die...
Your body crumbles into a pile of gold.

.$.#... .......
.......## ......#.##
.........##
..........####
...........#.## ...
......$.......# g..
.......O@.....# .g....
.....{........# O......
.............## .......
.....#...#.#### .......
#.....#.#...#.## .......
.......#.......#
......................##
..........#...##.....##
...........#...#.#...##


You could see a two-headed ogre.

Vanquished Creatures
  Josephine (D:12)
  Fannar (D:12)
  8 two-headed ogres
  Erica (Orc:2)
  Nergalle (D:10)
  The ghost of mortz the Cudgeller, a novice GrMo (D:8)
  2 ugly things
  A cyclops (D:11)
  A manticore (D:12)
  The ghost of SirLogeyBear the Chopper, an amateur HOBe of Trog (D:4)
  3 trolls
  A nameless horror (D:10)
  A vampire (D:9)
  2 wyverns
  2 yaks (D:8)
  Grum (D:8)
  2 steam dragons
  Menkaure (D:7)
  3 wargs (D:10)
  An acid dragon (D:10)
  Edmund (D:4)
  3 water moccasins
  Duvessa (D:6)
  12 orc warriors
  5 sky beasts
  An ice beast (D:7)
  A black bear (D:8)
  4 wolves (D:8)
  16 ogres
  7 centaurs
  2 phantoms
  2 kobold brigands
  A bullfrog (D:7)
  2 gnoll sergeants (D:7)
  2 scorpions (D:5)
  2 necrophages
  8 wights
  4 killer bees
  An electric eel (D:6)
  4 howler monkeys
  A jelly (D:7)
  Crazy Yiuf (D:4)
  11 orc priests
  4 hounds
  5 iguanas
  17 orc wizards
  11 gnolls
  11 adders
  2 shadow imps
  A white imp (D:7)
  An ufetubus (D:5)
  2 worms (D:3)
  13 dart slugs
  58 orcs
  5 ball pythons
  15 endoplasms
  2 giant cockroaches
  3 goblins
  5 hobgoblins
  2 jackals (D:2)
  12 kobolds
  2 quokkas
  6 bats
  6 rats
310 creatures vanquished.

Vanquished Creatures (collateral kills)
  An ogre (Orc:1)
  Dowan (D:6)
2 creatures vanquished.

Vanquished Creatures (others)
  A two-headed ogre (Orc:2)
  A kobold (D:11)
  11 plants
13 creatures vanquished.

Grand Total: 325 creatures vanquished

Notes
Turn   | Place    | Note
-------+----------+-------------------------------------------
     0 | D:1      | zeram the Troll Fighter began the quest for the Orb.
     0 | D:1      | Reached XP level 1. HP: 22/22 MP: 0/0
    29 | D:1      | Found a faded altar of an unknown god.
   156 | D:1      | Reached XP level 2. HP: 24/29 MP: 1/1
   215 | D:1      | Reached skill level 2 in Maces & Flails
   380 | D:1      | Reached XP level 3. HP: 36/36 MP: 2/2
  1236 | D:2      | Reached XP level 4. HP: 44/44 MP: 4/4
  1238 | D:2      | Found Leang's Weapon Emporium.
  1972 | D:3      | Found a stormy altar of Qazlal.
  1973 | D:3      | Found a glowing golden altar of the Shining One.
  2013 | D:3      | Reached skill level 3 in Maces & Flails
  2019 | D:3      | Reached skill level 1 in Spellcasting
  2124 | D:3      | Found a hazy altar of Hepliaklqana.
  2125 | D:3      | Found an ornate altar of the Wu Jian Council.
  2127 | D:3      | Found a sparkling altar of Nemelex Xobeh.
  2318 | D:4      | Noticed a phantom
  2327 | D:4      | Killed a phantom
  2328 | D:4      | Reached XP level 5. HP: 53/53 MP: 5/5
  2444 | D:4      | Found a blossoming altar of Fedhas.
  2514 | D:4      | Found an iron altar of Okawaru.
  2620 | D:4      | Reached skill level 4 in Maces & Flails
  2627 | D:4      | Reached XP level 6. HP: 15/61 MP: 7/7
  2693 | D:4      | Found Xisuikk's Weapon Shoppe.
  2744 | D:4      | Found a staircase to the Ecumenical Temple.
  2754 | D:4      | Found a runed translucent gate.
  2755 | D:4      | Found a runed translucent gate.
  2756 | D:4      | Found a runed translucent gate.
  2757 | D:4      | Noticed SirLogeyBear's ghost (amateur HOBe)
  2808 | D:4      | Found a runed translucent door.
  2809 | D:4      | Noticed Crazy Yiuf
  2868 | Temple   | Entered the Ecumenical Temple
  2914 | Temple   | Became a worshipper of Gozag Ym Sagoz the Greedy
  2953 | D:4      | Noticed Edmund
  2979 | D:4      | Identified the +1 whip of Equilibrium {flame, SInv Stlth+}
  2999 | D:4      | Killed Edmund
  3333 | D:4      | Killed Crazy Yiuf
  3337 | D:4      | Identified the +8 hammer "Akhloadgh" {venom, +Blink rC+++
                  | Int+3 Dex-5}
  3380 | D:4      | Killed SirLogeyBear's ghost
  3381 | D:4      | Reached skill level 5 in Maces & Flails
  3381 | D:4      | Reached XP level 7. HP: 48/67 MP: 7/9
  3449 | D:5      | Entered Level 5 of the Dungeon
  3542 | D:5      | Identified the +4 ring mail "Osipif" {*Slow rPois rF++
                  | Str+4}
  3699 | D:5      | Found a shimmering blue altar of Sif Muna.
  3855 | D:5      | Found a snail-covered altar of Cheibriados.
  3945 | D:5      | Reached skill level 6 in Maces & Flails
  3978 | D:5      | Found a basalt altar of Yredelemnul.
  3978 | D:5      | Found a shimmering altar of Xom.
  4120 | D:5      | Reached XP level 8. HP: 77/78 MP: 10/10
  4762 | D:6      | Reached skill level 7 in Maces & Flails
  4793 | D:6      | Noticed Duvessa
  4793 | D:6      | Noticed Dowan
  4798 | D:6      | Killed Duvessa
  4809 | D:6      | Killed Dowan
  4830 | D:6      | Identified the +9 dagger "Omelette" {vorpal, rElec rC++
                  | Int+2 Dex+2}
  4982 | D:6      | Found a glowing silver altar of Zin.
  5278 | D:7      | Found Poates's Distillery.
  5283 | D:7      | Reached XP level 9. HP: 78/85 MP: 12/12
  5296 | D:7      | Bought a potion of heal wounds for 55 gold pieces
  5296 | D:7      | Bought a potion of ambrosia for 88 gold pieces
  5296 | D:7      | Bought a potion of heal wounds for 55 gold pieces
  5296 | D:7      | Bought a potion of curing for 33 gold pieces
  5296 | D:7      | Bought 2 potions of curing for 66 gold pieces
  5588 | D:7      | Reached skill level 8 in Maces & Flails
  5588 | D:7      | Reached skill level 5 in Dodging
  5809 | D:7      | Noticed Menkaure
  5813 | D:7      | Killed Menkaure
  6132 | D:8      | Noticed a two-headed ogre
  6141 | D:8      | Killed a two-headed ogre
  6142 | D:8      | Reached skill level 5 in Fighting
  6182 | D:8      | Noticed Grum
  6189 | D:8      | Reached skill level 9 in Maces & Flails
  6317 | D:8      | Reached XP level 10. HP: 54/96 MP: 14/14
  6328 | D:8      | Killed Grum
  6439 | D:8      | Noticed mortz's ghost (novice GrMo)
  6440 | D:8      | Found a transporter.
  6456 | D:8      | Found a transporter.
  6657 | D:8      | Identified the +0 robe of Privacy {rElec rF+ Will+ Stlth-}
  7033 | D:8      | Identified a scroll of acquirement
  7033 | D:8      | Acquired 649 gold pieces
  7395 | D:9      | Noticed a red ugly thing
  7402 | D:9      | Found a shadowy altar of Dithmenos.
  7404 | D:10     | Entered Level 10 of the Dungeon
  7471 | D:10     | Killed a red ugly thing
  7831 | D:8      | Killed mortz's ghost
  7832 | D:8      | Reached skill level 10 in Maces & Flails
  8122 | D:10     | Found a staircase to the Lair.
  8156 | D:11     | Noticed a brown ugly thing
  8451 | D:11     | Killed a brown ugly thing
  8452 | D:11     | Reached XP level 11. HP: 73/107 MP: 17/17
  8462 | D:11     | Learned a level 3 spell: Call Canine Familiar
  8678 | D:11     | Found a shadowy altar of Dithmenos.
  8958 | D:12     | Noticed Fannar
  8976 | D:12     | Killed Fannar
  8977 | D:12     | Reached skill level 1 in Necromancy
  8996 | D:12     | Reached skill level 1 in Summonings
  9030 | D:12     | Noticed a four-headed hydra
  9062 | D:12     | Noticed Josephine
  9075 | D:12     | Noticed a boulder beetle
  9076 | D:12     | Noticed a two-headed ogre
  9076 | D:12     | Killed Josephine
  9210 | D:10     | Noticed Nergalle
  9225 | D:10     | Killed Nergalle
  9226 | D:10     | Reached skill level 5 in Spellcasting
  9272 | D:10     | Found a staircase to the Orcish Mines.
  9799 | D:10     | Noticed a boulder beetle
  9944 | Orc:1    | Entered Level 1 of the Orcish Mines
 10042 | Orc:1    | Noticed Erica
 10429 | Orc:1    | Found Ydier's CLEARANCE SALE!.
 10605 | Orc:2    | Entered Level 2 of the Orcish Mines
 10635 | Orc:2    | Found a staircase to the Elven Halls.
 10698 | Orc:2    | Killed Erica
 10699 | Orc:2    | Reached skill level 11 in Maces & Flails
 10739 | Orc:2    | Noticed a two-headed ogre
 10739 | Orc:2    | Noticed an ogre mage
 10740 | Orc:2    | Noticed a two-headed ogre
 10741 | Orc:2    | Noticed a two-headed ogre
 10742 | Orc:2    | Noticed a two-headed ogre
 10744 | Orc:2    | Noticed a two-headed ogre
 10744 | Orc:2    | Noticed a two-headed ogre
 10746 | Orc:2    | Noticed a two-headed ogre
 10746 | Orc:2    | Noticed a two-headed ogre
 10747 | Orc:2    | Noticed an ogre mage
 10748 | Orc:2    | Noticed a two-headed ogre
 10749 | Orc:2    | Noticed a two-headed ogre
 10749 | Orc:2    | Noticed a two-headed ogre
 10749 | Orc:2    | HP: 3/109 [two-headed ogre/+0 giant club (18)]
 10751 | Orc:2    | Found Rucurun's Jewellery Shop.
 10751 | Orc:2    | Found Tasch's Book Shoppe.
 10751 | Orc:2    | Noticed an ogre mage
 10751 | Orc:2    | Noticed a two-headed ogre
 10752 | Orc:2    | Found Gacev's Jewellery Emporium.
 10752 | Orc:2    | Found Sapp's Antique Weapon Shop.
 10752 | Orc:2    | Killed a two-headed ogre
 10793 | Orc:2    | Noticed a two-headed ogre
 10854 | Orc:2    | Killed a two-headed ogre
 10947 | Orc:1    | Reached XP level 12. HP: 80/118 MP: 19/19
 11191 | Orc:1    | Killed a two-headed ogre
 11237 | Orc:1    | Killed a two-headed ogre
 11257 | Orc:1    | Killed a two-headed ogre
 11376 | Orc:2    | Noticed an ogre mage
 11462 | Orc:2    | Killed a two-headed ogre
 11464 | Orc:2    | Killed a two-headed ogre
 11469 | Orc:2    | HP: 4/119 [something (15)]
 11471 | Orc:2    | Annihilated by a two-headed ogre

Illustrated notes

Levels and vault maps discovered:
D:1:      minmay_arrival_glassed_features, layout_basic, basic_ecumenical_altar,
          serial_bayou, serial_bayou_lagoon_b, serial_bayou_ford_a,
          serial_bayou_shore_a, serial_bayou_pond_c, serial_bayou_crossing,
          chequers_mini_garden
D:2:      layout_loops_corners, serial_shops, nicolae_shop_bloodbath_and_beyond,
          nrook_mini_backslash, skrybe_limestone_x
D:3:      layout_basic, jmf_multi_god_temple,
          chequers_temple_overflow_statue_of_worship
D:4:      layout_basic, overflow_temple_1_default, fedhas_altar_4,
          minmay_temple_entry_glassed_door, serial_shops, kennysheep_little_box,
          ebering_ghost_rock_garden, kennysheep_small_spiral, uniq_edmund,
          uniq_crazy_yiuf_cottage
D:5:      layout_basic, lemuel_coloured_pillars_altar, cheibriados_altar_1,
          gammafunk_temple_overflow_wave, serial_bayou_pond_e
D:6:      kennysheep_slugbush, layout_cave_pools, lemuel_tele_altar, hex_tiny,
          corner_web_ring, uniq_duvessa
D:7:      layout_basic, serial_shops, shop, minmay_manual_maat, uniq_menkaure
D:8:      layout_basic, gammafunk_ghost_arena, minmay_misc_feat_alley,
          kennysheep_windowed_goal, uniq_grum
D:9:      layout_cave_pools, mainiacjoe_overflow_boulevard
D:10:     layout_loops_ring, erik_lair_orcish_takeover, erik_orc_3,
          lightli_corner_chamber, uniq_nergalle
D:11:     layout_loops_ring, nicolae_dithmenos_the_darkroom
D:12:     layout_basic, minmay_misc_feat_roman, uniq_fannar, uniq_josephine
Temple:   corrupted_temple
Orc:1:    layout_diamond_mine, nicolae_shop_clearance, uniq_erica
Orc:2:    st_orc_ogre_mass, layout_caves

Skill      XL: |  1  2  3  4  5  6  7  8  9 10 11 12 |
---------------+-------------------------------------+-----
Maces & Flails | 2 3 4 5 6 7 9 10 11 | 11.6
Spellcasting   | 1 2 3 4 5 |  5.6
Fighting       | 3 4 5 6 7 |  7.7
Dodging        | 3 4 5 7 8 |  8.4
Necromancy     | 2 |  2.8
Summonings     | 2 3 |  3.2
Shields        | |  2.6

Action                   |  1- 3 |  4- 6 |  7- 9 | 10-12 || total
-------------------------+-------+-------+-------+-------++-------
Melee: Flail             |    97 |   155 |       |       ||   252
       Mace              |       |    10 |   200 |   628 ||   838
Invok: Call Merchant     |       |       |       |     1 ||     1
Evoke: Wand              |       |       |       |     9 ||     9
  Use: Scroll            |     4 |     4 |    14 |    20 ||    42
       Potion            |       |     2 |     3 |     8 ||    13
 Stab: Distracted        |       |       |       |     1 ||     1
Armor: Robe              |    48 |    59 |    91 |   237 ||   435
Dodge: Dodged            |    30 |    51 |    66 |   216 ||   363
Block: Kite shield       |    50 |    96 |   124 |   376 ||   646
       Reflection        |     1 |     1 |     3 |     8 ||    13
